 Dungeon Crawl Stone Soup version 0.30.1-10-g1249ef9ec4 (webtiles) character file.

Game seed: 10386274478092632573

14450 meatcentipede the Trooper (level 12, -3/63 HPs)
             Began as a Vine Stalker Fighter on Oct 26, 2023.
             Was an Initiate of Gozag.
             Slain by a death knight
             ... wielding a +0 glaive
              (17 damage)
             ... on level 11 of the Dungeon on Oct 27, 2023.
             The game lasted 00:27:20 (10075 turns).

meatcentipede the Trooper (Vine Stalker Fighter)   Turns: 10075, Time: 00:27:22

Health: -3/63      AC: 20    Str: 25    XL:     12   Next: 16%
Magic:  0/13       EV: 11    Int:  8    God:    Gozag
Gold:   1924       SH: 14    Dex: 16    Spells: 11/11 levels left

rFire   . . .        E - +5 spear (venom)
rCold   . . .        c - +0 buckler
rNeg    . . .        s - +3 chain mail {rPois}
rPois   +            h - +1 hat
rElec   .            w - +0 cloak
rCorr   +            t - +0 pair of gloves {Str+3}
SInv    .            D - +2 pair of boots
Will    +....        k - brooch of Shielding {Spirit SH+8} Stlth
                     i - ring of flight
HPRegen 1.10/turn    u - ring of resist corrosion
MPRegen 0.13/turn

%: guardian spirit
@: about to teleport, flying
A: fangs 3, regeneration 1, magic shield, antimagic bite, no potion heal 2
a: Renounce Religion, Potion Petition, Call Merchant, Bribe Branch


You were on level 11 of the Dungeon.
You worshipped Gozag.
Gozag was most pleased with you.
You visited 2 branches of the dungeon, and saw 12 of its levels.
You also visited: Sewer.

You collected 3045 gold pieces.
You spent 1024 gold pieces at shops.
You paid 97 gold pieces to Gozag.

Inventory:

Hand Weapons
 j - a +4 war axe of freezing
 E - a +5 spear of venom (weapon)
Armour
 c - a +0 buckler (worn)
 h - a +1 hat (worn)
 s - a +3 chain mail of poison resistance (worn)
 t - a +0 pair of gloves of strength (worn)
 w - a +0 cloak (worn)
 D - a +2 pair of boots (worn)
Jewellery
 i - a ring of flight (left hand)
 k - the brooch of Shielding (around neck) {Spirit SH+8}
   (You bought it in a shop on level 8 of the Dungeon)

   [amulet of guardian spirit]

   It causes incoming damage to be divided between your reserves of health and
   magic.
   SH:        It affects your SH (+8).
 p - an amulet of reflection
 u - a ring of resist corrosion (right hand)
 I - a ring of willpower
 K - a +6 ring of strength
Wands
 a - a wand of polymorph (5)
 y - a wand of light (7)
 C - a wand of charming (24)
 J - a wand of roots (9)
Scrolls
 o - 6 scrolls of teleportation
 x - a scroll of blinking
 z - 5 scrolls of identify
 F - a scroll of amnesia
 G - a scroll of fog
Potions
 b - 3 potions of heal wounds
 d - 2 potions of mutation
 e - 2 potions of magic
 f - 2 potions of lignification
 g - 2 potions of haste
 l - a potion of curing {unknown}
 m - 2 potions of invisibility
 n - 4 potions of resistance
 q - 3 potions of cancellation {unknown}
 r - 3 potions of brilliance {unknown}
 v - 3 potions of attraction {unknown}
 A - a potion of flight {unknown}
 B - a potion of might
 H - a potion of ambrosia {unknown}


   Skills:
 + Level 7.6 Fighting
 + Level 7.2(8.4) Axes
 - Level 3.5(5.8) Maces & Flails
 + Level 5.4(7.2) Polearms
 + Level 6.8 Armour
 + Level 6.3 Dodging
 + Level 7.4 Shields
 + Level 5.4 Evocations


You had 11 spell levels left.
You didn't know any spells.
Your spell library contained the following spells:

 Spells                   Type           Power      Damage    Failure   Level
 Apportation              Tloc           0%         N/A       93%         1
 Magic Dart               Conj           0%         1d3       93%         1
 Necrotise                Necr           0%         1d4       93%         1
 Shock                    Conj/Air       0%         1d3       93%         1
 Summon Small Mammal      Summ           0%         N/A       93%         1
 Lesser Beckoning         Tloc           0%         N/A       98%         2
 Searing Ray              Conj           0%         2d4       98%         2
 Gell's Gravitas          Tloc           0%         N/A       100%        3
 Swiftness                Air            0%         N/A       100%        3
 Teleport Other           Tloc           0%         N/A       100%        3
 Vampiric Draining        Necr           0%         2d6       100%        3
 Volatile Blastmotes      Fire/Tloc      0%         2d10      100%        3
 Airstrike                Air            0%         2d(0-16)  100%        4
 Animate Armour           Summ/Erth      0%         N/A       100%        4
 Fulminant Prism          Conj/Hex       0%         3d5       100%        4
 Iskenderun's Mystic Bla  Conj/Tloc      0%         2d3       100%        4
 Agony                    Necr           0%         N/A       100%        5
 Blade Hands              Tmut           0%         N/A       100%        5
 Iskenderun's Battlesphe  Conj           0%         2d6       100%        5
 Lee's Rapid Deconstruct  Erth           0%         3d4*      100%        5
 Summon Forest            Summ/Tloc      0%         N/A       100%        5
 Summon Mana Viper        Hex/Summ       0%         N/A       100%        5
 Iron Shot                Conj/Erth      0%         9d1       100%        6
 Summon Cactus Giant      Summ           0%         N/A       100%        6
 Spellforged Servitor     Conj/Summ      0%         N/A       100%        7


Dungeon Overview and Level Annotations

Branches:
Dungeon (11/15)            Temple (1/1) D:6            Lair (0/5) D:8
    Orc (0/2) D:9           Sewer (visited)

Altars:
Ashenzari
Fedhas
Gozag
Hepliaklqana
Okawaru
Qazlal
Trog
Uskayaw
Vehumet

Shops:
D:5 *[   D:8 =

Annotations:
D:6 2 transporters


Innate Abilities, Weirdness & Mutations

You have razor-sharp teeth.
Your natural rate of healing is unusually fast.
When hurt, damage is shared between your health and your magic reserves.
Your bite disrupts and absorbs the magic of your enemies.
Potions cannot restore your health.


Message History

You block the skeletal warrior's attack.
You hit the skeletal warrior but do no damage.
The skeletal warrior is heavily damaged.
The skeletal warrior hits you with a +0 dire flail!
You hit the skeletal warrior. You bite the skeletal warrior.
You drain its power.
You feel invigorated.
The skeletal warrior is heavily damaged.
You block the skeletal warrior's attack.
You block the death knight's attack.
You closely miss the skeletal warrior.
You bite the skeletal warrior, but do no damage.
The skeletal warrior is heavily damaged.
You barely miss the skeletal warrior. You bite the skeletal warrior.
You drain its power.
You feel invigorated.
The skeletal warrior is severely damaged.
You block the skeletal warrior's attack.
The death knight invokes the aid of Yredelemnul against you.
You resist with some effort.
You hit the skeletal warrior but do no damage.
Your bite misses the skeletal warrior.
The skeletal warrior is severely damaged.
The skeletal warrior hits you with a +0 dire flail!
* * * LOW HITPOINT WARNING * * *
You block the death knight's attack.
You hit the skeletal warrior but do no damage.
You bite the skeletal warrior, but do no damage.
The skeletal warrior is severely damaged.
The death knight offers itself to Yredelemnul, and fills with unholy energy.
The skeletal warrior hits you but does no damage.
You block the death knight's attack.
You closely miss the skeletal warrior. Your bite misses the skeletal warrior.
The skeletal warrior is severely damaged.
As you read the scroll of teleportation, it crumbles to dust.
You feel strangely unstable.
The skeletal warrior hits you with a +0 dire flail.
* * * LOW HITPOINT WARNING * * *
The death knight closely misses you.
The death knight hits you from afar with a +0 glaive!!
You die...
Your body crumbles into a pile of gold.

##.#.#.##.##.##.####.#...
###....#.##.##.##.......#.#
#...#....................Wp
#.#....#######.#######.####
#.##.#.## #.# #.##.. .
##....### #.# #.##.# ##
#.#.....# #.#######.##.#
##....#.####.........##^#
#.#....@pp.p##########.#
#.####(#z.#.# ##.#
#######...#.# ######...
..........#.# #......#.
............# #.####...
.........#..# #.# ##.#
.........#### #.# #..
(..).....# #.# ###
###......# #.#


You could see 3 death knights and a skeletal warrior.

Vanquished Creatures
  2 centaur warriors (D:10)
  A two-headed ogre (D:9)
  An ugly thing (D:9)
  A cyclops (D:11)
  Joseph (D:7)
  An unseen horror (D:11)
  2 trolls (D:10)
  Grinder (D:6)
  A dream sheep (D:7)
  A shadow (D:11)
  33 yaks
  2 wraiths
  2 wyverns
  3 vampire mosquitoes (D:10)
  4 steam dragons
  2 wargs (D:8)
  An acid dragon (D:11)
  3 water moccasins (D:6)
  3 orc warriors
  2 ice beasts
  A black bear (D:4)
  A sky beast (D:6)
  An ogre (D:5)
  3 centaurs (D:9)
  Blork the orc (D:5)
  A kobold brigand (D:10)
  5 bullfrogs
  A gnoll sergeant (D:6)
  4 wights (D:8)
  7 killer bees
  A howler monkey (D:8)
  9 orc priests
  5 hounds
  2 jellies
  Crazy Yiuf (D:6)
  2 gnoll boudas
  2 sleepcaps
  Terence (D:2)
  A hell rat (Sewer)
  3 iguanas (D:5)
  19 orc wizards
  12 gnolls
  4 river rats (Sewer)
  13 adders
  2 ufetubi (D:5)
  2 worms
  3 dart slugs
  23 orcs
  6 endoplasms
  6 giant cockroaches
  8 goblins
  6 hobgoblins
  2 jackals (D:4)
  8 kobolds
  7 quokkas
  7 ball pythons
  6 bats
  4 frilled lizards (D:1)
  9 rats
266 creatures vanquished.

Notes
Turn   | Place    | Note
-------+----------+-------------------------------------------
     0 | D:1      | meatcentipede the Vine Stalker Fighter began the quest for
                  | the Orb.
     0 | D:1      | Reached XP level 1. HP: 11/11 MP: 2/2
    29 | D:1      | Reached XP level 2. HP: 14/16 MP: 3/3
   252 | D:1      | Reached XP level 3. HP: 19/19 MP: 4/4
   548 | D:1      | Reached skill level 1 in Dodging
  1066 | D:2      | Identified the +0 trident of Ossips {elec, Will++}
  1074 | D:2      | Gained mutation: Your natural rate of healing is unusually
                  | fast. [Vine Stalker growth]
  1074 | D:2      | Reached XP level 4. HP: 15/24 MP: 3/5
  1091 | D:2      | Noticed Terence
  1106 | D:2      | Killed Terence
  1321 | D:2      | Identified the +3 dagger of Fury {spect, *Noise rElec rC+
                  | Will+}
  1392 | D:2      | Reached XP level 5. HP: 28/28 MP: 6/6
  1637 | D:2      | Found a faded altar of an unknown god.
  1797 | D:3      | Found a glowing drain.
  1824 | Sewer    | Entered a sewer
  1833 | Sewer    | Reached skill level 1 in Maces & Flails
  1879 | Sewer    | Reached XP level 6. HP: 12/31 MP: 2/7
  2009 | D:3      | Identified the +4 glaive of Eranonar {vamp, Str+6}
  2875 | D:4      | Noticed a black bear
  2968 | D:4      | Killed a black bear
  2969 | D:4      | Reached XP level 7. HP: 36/37 MP: 8/8
  3114 | D:4      | Found an iron altar of Okawaru.
  3318 | D:5      | Entered Level 5 of the Dungeon
  3388 | D:5      | Found Ozuju's Assorted Antiques.
  3494 | D:5      | Noticed Blork the orc
  3501 | D:5      | Killed Blork the orc
  3527 | D:5      | Gained mutation: You have razor-sharp teeth. [Vine Stalker
                  | growth]
  3527 | D:5      | Reached XP level 8. HP: 42/42 MP: 7/9
  3953 | D:5      | Found Exofor's Armour Shoppe.
  4037 | D:5      | Found a blossoming altar of Fedhas.
  4218 | D:5      | Bought a +0 cloak for 49 gold pieces
  4276 | D:6      | Noticed Grinder
  4301 | D:6      | Killed Grinder
  4524 | D:6      | Reached skill level 5 in Fighting
  4572 | D:6      | Reached XP level 9. HP: 44/47 MP: 10/10
  4589 | D:6      | Found a radiant altar of Vehumet.
  4616 | D:6      | Reached skill level 5 in Shields
  4616 | D:6      | Reached skill level 1 in Evocations
  4669 | D:6      | Found a staircase to the Ecumenical Temple.
  4682 | D:6      | Reached skill level 1 in Polearms
  4684 | Temple   | Entered the Ecumenical Temple
  4717 | Temple   | Became a worshipper of Gozag Ym Sagoz the Greedy
  4845 | D:6      | Found a runed translucent door.
  4846 | D:6      | Noticed Crazy Yiuf
  4852 | D:6      | Killed Crazy Yiuf
  4858 | D:6      | Identified the +7 hammer of Crusades {antimagic, Dex+5}
  4950 | D:6      | Found a transporter.
  4975 | D:6      | Found a transporter.
  4998 | D:6      | Noticed a toenail golem
  5478 | D:7      | Noticed Joseph
  5499 | D:7      | Killed Joseph
  5801 | D:7      | Reached skill level 5 in Axes
  6311 | D:7      | Reached skill level 5 in Armour
  6444 | D:8      | Reached XP level 10. HP: 53/53 MP: 11/11
  6561 | D:8      | Identified a scroll of acquirement
  6561 | D:8      | Acquired 1082 gold pieces
  6677 | D:8      | Found Gaewnul's Jewellery Shoppe.
  6696 | D:8      | Bought the brooch of Shielding {Spirit SH+8} for 975 gold
                  | pieces
  6696 | D:8      | Found the brooch of Shielding {Spirit SH+8}
  7113 | D:8      | Found a staircase to the Lair.
  7758 | D:9      | Found a staircase to the Orcish Mines.
  7834 | D:9      | Reached skill level 5 in Dodging
  7961 | D:9      | Reached XP level 11. HP: 32/58 MP: 9/12
  8009 | D:9      | Noticed a two-headed ogre
  8028 | D:9      | Killed a two-headed ogre
  8332 | D:9      | Found a hazy altar of Hepliaklqana.
  8570 | D:10     | Entered Level 10 of the Dungeon
  8855 | D:10     | HP: 1/58 [orc priest/divine providence (10)]
  9138 | D:10     | Noticed a green ugly thing
  9140 | D:10     | Noticed a centaur warrior
  9141 | D:10     | Noticed a centaur warrior
  9159 | D:9      | Killed a green ugly thing
  9219 | D:10     | Killed a centaur warrior
  9226 | D:10     | Killed a centaur warrior
  9296 | D:10     | Reached skill level 5 in Polearms
  9479 | D:11     | Reached skill level 5 in Evocations
  9638 | D:11     | Reached XP level 12. HP: 61/63 MP: 11/13
  9919 | D:11     | Noticed a death knight
  9919 | D:11     | Noticed a death knight
  9921 | D:11     | Noticed a death knight
  9923 | D:11     | Noticed a death knight
 10047 | D:11     | Noticed a death knight
 10075 | D:11     | Slain by a death knight

Illustrated notes

Levels and vault maps discovered:
D:1:      reono_arrival_mine, layout_basic, st_stairs_11,
          minmay_misc_feat_rugged
D:2:      layout_basic, nicolae_ecumenical_snake_handling, uniq_terence
D:3:      layout_basic, gup_sewer_entry_glass
D:4:      layout_rooms, okawaru_metal_pillars_1_2, nicolae_titane
D:5:      layout_basic, nicolae_overflow_hidden_temple, serial_shops,
          nicolae_shop_hallway_plus, shop_fountains, moated_statue,
          uniq_blork_the_orc
D:6:      layout_basic, mainiacjoe_overflow_six_doors_small,
          minmay_temple_entry_mini_moons, gammafunk_ghost_abyssal_escape,
          uniq_grinder, uniq_crazy_yiuf_cottage
D:7:      layout_loops_corners, chequers_serial_rivers_small_a,
          wad_woods_river_04, uniq_joseph
D:8:      layout_layer_cave, erik_lair_orcish_takeover, serial_shops,
          nicolae_shop_tiny_statue_garden, dreamdust_gnoll_shepherd
D:9:      minmay_skewed_foursquare, layout_basic, mainiacjoe_overflow_alcove_2,
          chequers_serial_rivers_micro_c
D:10:     minmay_curly_fans, layout_cross
D:11:     cheibrodos_tormentor_scu, layout_loops_ring
Temple:   hc_temple_tempest_star

Skill      XL: |  1  2  3  4  5  6  7  8  9 10 11 |
---------------+----------------------------------+-----
Axes           | 2 3 4 5 6 7 |  7.2
Fighting       | 3 4 5 6 7 |  7.6
Shields        | 3 4 5 6 7 |  7.4
Dodging        | 1 2 3 4 5 6 |  6.3
Armour         | 3 4 5 6 |  6.8
Maces & Flails | 1 2 3 |  3.5
Evocations     | 2 4 5 |  5.4
Polearms       | 2 3 5 |  5.4

Action                     |  1- 3 |  4- 6 |  7- 9 | 10-12 || total
---------------------------+-------+-------+-------+-------++-------
  Melee: War axe           |    67 |       |       |       ||    67
         Bite              |    22 |    44 |    84 |   170 ||   320
         Whip              |    11 |   161 |   153 |       ||   325
         Spear             |       |       |   118 |   528 ||   646
  Evoke: Wand              |       |       |       |     7 ||     7
    Use: Scroll            |       |     6 |     5 |    14 ||    25
         Potion            |       |     1 |       |       ||     1
   Stab: Distracted        |       |       |       |     8 ||     8
         Invisible         |       |       |       |     2 ||     2
 Armour: Scale mail        |    54 |    11 |       |       ||    65
         Chain mail        |       |    44 |   105 |   140 ||   289
  Dodge: Dodged            |    32 |    65 |    61 |   108 ||   266
  Block: Buckler           |    22 |    62 |   120 |   276 ||   480
         Reflection        |       |     1 |     5 |       ||     6
